 Dungeon Crawl Stone Soup version 0.18.1-8-gdd0e5ea (webtiles) character file.

34 Wooh the Skirmisher (level 3, -2/18 HPs)
             Began as a Felid Transmuter on June 4, 2016.
             Slain by a hobgoblin
             ... wielding a +0 club
              (4 damage)
             ... on level 2 of the Dungeon.
             The game lasted 00:05:02 (1906 turns).

Wooh the Skirmisher (Felid Transmuter)              Turns: 1906, Time: 00:05:02

Health: -2/18      AC:  1    Str:  6    XL:     3   Next: 14%
Magic:  7/7        EV: 18    Int: 14    God:
Gold:   96         SH:  0    Dex: 17    Spells: 2 memorised, 3 levels left
                                        Lives:  0   Deaths: 1

rFire  . . .     SeeInvis +       - Unarmed
rCold  . . .     Gourm    .     (armour unavailable)
rNeg   . . .     Faith    .     (shield unavailable)
rPois  .         Spirit   .     (helmet unavailable)
rElec  .         Dismiss  .     (cloak unavailable)
rCorr  .         Reflect  .     (gloves unavailable)
SustAt .         Harm     .     (boots unavailable)
MR     .....                    (no amulet)
Stlth  ++........               (no ring)
                                (no ring)

@: quick, not resistant to hostile enchantments, unstealthy
A: no armour, no weapons or thrown items, claws 1, fangs 3, see invisible,
carnivore 3, speed 1, shaggy fur 1, slow metabolism 1, sharp paws
a: no special abilities


You were on level 2 of the Dungeon.
You were not hungry.

You visited 1 branch of the dungeon, and saw 2 of its levels.

You collected 96 gold pieces.

Inventory:

Missiles
 a - 9 arrows
Scrolls
 e - 3 scrolls of remove curse {unknown}
 g - a scroll of fear {unknown}
 i - a scroll of enchant weapon {unknown}
 l - a scroll of teleportation {unknown}
Potions
 d - a potion of heal wounds {unknown}
 h - a potion of curing
 m - a potion of cure mutation {unknown}
Books
 b - a book of Changes

   Spells                             Type                      Level
   a - Beastly Appendage              Transmutation                1
   b - Sticks to Snakes               Transmutation                2
   c - Spider Form                    Transmutation/Poison         3
   d - Ice Form                       Ice/Transmutation            4
   e - Blade Hands                    Transmutation                5
Comestibles
 c - a meat ration
 f - 2 slices of pizza
 j - a beef jerky


   Skills:
 + Level 4.0 Fighting
 - Level 2.6 Dodging
 - Level 3.0 Unarmed Combat
 - Level 2.0 Spellcasting
 - Level 2.1 Transmutations


You had 3 spell levels left.
You knew the following spells:

 Your Spells              Type           Power        Failure   Level  Hunger
a - Beastly Appendage     Trmt           #.....       12%         1    ##.....
b - Sticks to Snakes      Trmt           #.......     17%         2    ###....


Dungeon Overview and Level Annotations

Branches:
Dungeon (2/15)

Altars:

Annotations:
D:2 Jessica


Innate Abilities, Weirdness & Mutations

You cannot wear armour.
You are incapable of wielding weapons or throwing items.
You have sharp claws.
You have razor-sharp teeth.
You have supernaturally acute eyesight.
You are carnivorous and can eat meat at any time.
You cover ground quickly.
You are covered in fur (AC +1).
You have a slow metabolism.
Your sharp claws are effective at attacking unaware monsters.


Message History

The giant newt closely misses you. The hobgoblin misses you.
The giant newt hisses menacingly.
The giant newt bites you but does no damage.
The hobgoblin barely misses you. The giant newt closely misses you.
The hobgoblin hits you with a club. The giant newt barely misses you.
The hobgoblin hits you with a club.
* * * LOW HITPOINT WARNING * * *
The giant newt bites you.
* * * LOW HITPOINT WARNING * * *
The hobgoblin barely misses you. The giant newt closely misses you.
The hobgoblin hits you but does no damage.
The giant newt closely misses you. The hobgoblin completely misses you.
The giant newt misses you. The hobgoblin misses you.
The giant newt barely misses you. The hobgoblin misses you.
The giant newt bites you.
* * * LOW HITPOINT WARNING * * *
The hobgoblin completely misses you. The giant newt misses you.
The giant newt barely misses you. The hobgoblin hits you with a club.
You die...

........# #.##....%...
........# #..+........
........# #.##........
........# #...........
........######.##........
....##[...S@††...........
....###.######.......$...
.............#.#.g.......
.....###.###....@......>.
.###.# #..####.#?l.......
####.# #(....#.#......!..
.....###..##.#.#.........
######.....#.#.#####.....
#.###.#.#.## ..... #.#
#.#....# ...
###'###..##..# ..
#.....(......#


You could see a hobgoblin and a giant newt.

Vanquished Creatures
  3 adders (D:2)
  A worm (D:2)
  2 dart slugs (D:2)
  3 giant geckos (D:2)
  3 giant cockroaches (D:2)
  5 goblins (D:1)
  4 jackals (D:2)
  2 kobolds (D:1)
  4 bats
  2 giant newts
  4 rats
33 creatures vanquished.

Vanquished Creatures (collateral kills)
  An adder (D:2)
1 creature vanquished.

Grand Total: 34 creatures vanquished

Notes
Turn   | Place    | Note
--------------------------------------------------------------
     0 | D:1      | Wooh the Felid Transmuter began the quest for the Orb.
     0 | D:1      | Reached XP level 1. HP: 9/9 MP: 4/4
   248 | D:1      | Reached skill level 2 in Fighting
   261 | D:1      | Reached XP level 2. HP: 13/13 MP: 4/6
   270 | D:1      | Learned a level 2 spell: Sticks to Snakes
   859 | D:2      | Reached skill level 3 in Fighting
  1094 | D:2      | Reached XP level 3. HP: 17/17 MP: 7/7
  1708 | D:2      | Noticed Jessica
  1724 | D:2      | Reached XP level 4. HP: 14/22 MP: 6/8
  1736 | D:2      | Slain by an adder
  1737 | D:2      | Reached XP level 3. HP: -1/18 MP: 1/7
  1748 | D:2      | Reached skill level 4 in Fighting
  1906 | D:2      | Slain by a hobgoblin

Skill      XL: |  1  2  3 |
---------------+----------+-----
Fighting       | 2 3 4 |  4.0
Dodging        | |  2.6
Unarmed Combat | |  3.0
Spellcasting   | |  2.0
Transmutations | |  2.1

Action                   |  1- 3 |  4- 6 || total
-------------------------+-------+-------++-------
Melee: Unarmed           |    82 |     2 ||    84
       Headbutt          |     6 |       ||     6
       Bite              |     5 |       ||     5
 Cast: Beastly Appendage |    11 |     1 ||    12
       Sticks to Snakes  |       |     3 ||     3
 Stab: Sleeping          |     5 |       ||     5
  Eat: Chunk             |     9 |       ||     9
Armor: Skin              |     3 |       ||     3
Dodge: Dodged            |    89 |     8 ||    97
